 Dungeon Crawl Stone Soup version 0.24-a0-479-g9a978d2894 (webtiles) character file.

Game seed: 10430584579021587992

145 gruber the Conjurer (level 5, 0/31 HPs)
             Began as an Octopode Conjurer on July 8, 2019.
             Killed by divine providence
             ... invoked by an orc priest
              (9 damage)
             ... on level 3 of the Dungeon.
             The game lasted 00:03:29 (2669 turns).

gruber the Conjurer (Octopode Conjurer)             Turns: 2669, Time: 00:03:30

Health: 0/31       AC:  1    Str:  7    XL:     5   Next: 27%
Magic:  6/10       EV: 13    Int: 19    God:
Gold:   121        SH:  0    Dex: 12    Spells: 5/11 levels left

rFire    . . .     SeeInvis .   (no weapon)
rCold    . . .     Gourm    .   (no shield)
rNeg     . . .     Faith    .   (helmet restricted)
rPois    .         Spirit   .   (no amulet)
rElec    .         Reflect  .   (no ring)
rCorr    .         Harm     .   (no ring)
MR       .....                  (no ring)
Stlth    +++.......             (no ring)
HPRegen  0.10/turn              (no ring)
MPRegen  0.12/turn              (no ring)
                                (no ring)
                                (no ring)

@: no status effects
A: almost no armour, stealthy swim, amphibious, 8 rings, constrict 8, camouflage
1, gelatinous body 1
a: no special abilities


You were on level 3 of the Dungeon.
You were hungry.

You visited 1 branch of the dungeon, and saw 3 of its levels.

You collected 121 gold pieces.

Inventory:

Jewellery
 c - an uncursed ring of protection from magic {unknown}
Scrolls
 e - 7 scrolls of identify {unknown}
 g - 3 scrolls of teleportation {unknown}
 i - a scroll of fog {unknown}
 j - 2 scrolls of magic mapping {unknown}
 k - a scroll of blinking {unknown}
 m - a scroll of remove curse {unknown}
Potions
 a - 2 potions of flight {unknown}
 d - 2 potions of haste {unknown}
 f - 4 potions of curing {unknown}
 h - a potion of ambrosia {unknown}
 l - a potion of lignification {unknown}
Comestibles
 b - 5 rations


   Skills:
 - Level 2.0 Dodging
 - Level 2.6 Stealth
 * Level 3.5 Spellcasting
 + Level 5.4 Conjurations


You had 5 spell levels left.
You knew the following spells:

 Your Spells              Type           Power        Failure   Level  Hunger
a - Magic Dart            Conj           ###.         1%          1    None
b - Searing Ray           Conj           ###...       2%          2    ##.....
c - Dazzling Spray        Conj/Hex       ##....       14%         3    ###....

Your spell library contained the following spells:

 Spells                   Type           Power        Failure   Level  Hunger
 Iskenderun's Mystic Bla  Conj           ###.....     16%         4    ####...
 Force Lance              Conj/Tloc      ##......     43%         4    ####...
 Fulminant Prism          Conj/Hex       ##........   43%         4    ####...


Dungeon Overview and Level Annotations

Branches:
Dungeon (3/15)

Altars:


Innate Abilities, Weirdness & Mutations

You cannot wear most types of armour.
You are very stealthy in the water. (Stealth+)
You are amphibious.
You can wear up to eight rings at the same time.
You can use your tentacles to constrict eight enemies at once.
Your skin changes colour to match your surroundings (Stealth+).
Your rubbery body absorbs attacks. (AC +1, EV +1)


Message History

You feel sick.
You see here a bat skeleton.
You start resting.
You feel sick. x3
You are no longer poisoned.
You start resting.
The orc priest is too close now for your liking.
You are feeling hungry.
Casting: Magic Dart (safe; 1% risk of failure)
Confirm with . or Enter, or press ? or * to list all spells.
Aiming: Searing Ray (safe; 2% risk of failure)
Press: ? - help, Shift-Dir - straight line, f - orc priest
Aim: an orc priest, wearing a +0 ring mail (hasn't noticed you)
The searing ray hits the orc priest but does no damage.
The orc priest shouts! (Press . to maintain the ray.)
The searing ray hits the orc priest.
The orc priest is lightly wounded.
The orc priest calls down the wrath of Beogh upon you.
Beogh smites you!
You die...

#.......# ####.########
.......)####...........#
.>......†.....(........#
..##########...........#
.. #.........(.#
####.#####.## #÷# #..#
#.# ##.## #@# #..#
#.#######.####..
#.#.............#
#o####.##.#####.#
#.............
###..#.##..###
##<......... ###.###.###
.... ..


You could see an orc priest.

Vanquished Creatures
  An orc wizard (D:3)
  4 adders
  2 oozes
  4 worms
  4 leopard geckos
  3 orcs
  A ball python (D:1)
  6 bats
  3 giant cockroaches
  4 goblins
  9 hobgoblins
  3 jackals (D:2)
  A quokka (D:3)
  2 frilled lizards
  4 kobolds
  4 rats
55 creatures vanquished.

Notes
Turn   | Place    | Note
-------+----------+-------------------------------------------
     0 | D:1      | gruber the Octopode Conjurer began the quest for the Orb.
     0 | D:1      | Reached XP level 1. HP: 11/11 MP: 3/3
   207 | D:1      | Reached XP level 2. HP: 17/17 MP: 0/5
   654 | D:1      | Reached XP level 3. HP: 7/21 MP: 1/6
   706 | D:1      | Learned a level 2 spell: Searing Ray
   710 | D:1      | Learned a level 3 spell: Dazzling Spray
  1603 | D:2      | Reached skill level 5 in Conjurations
  1603 | D:2      | Reached XP level 4. HP: 27/27 MP: 3/8
  2591 | D:3      | Reached XP level 5. HP: 21/31 MP: 1/10
  2669 | D:3      | Killed from afar by an orc priest

Levels and vault maps discovered:
D:1:      saegor_arrival_simple_c, layout_loops_corners,
          minmay_misc_feat_ornament
D:2:      layout_basic, minmay_pentomino_pile
D:3:      minmay_bubble_buster, layout_basic, first_ration, uniq_sigmund

Skill      XL: |  1  2  3  4 |
---------------+-------------+-----
Conjurations   | 5 |  5.4
Spellcasting   | 3 |  3.5
Dodging        | |  2.0
Stealth        | |  2.6

Action                   |  1- 3 |  4- 6 || total
-------------------------+-------+-------++-------
Melee: Unarmed           |    17 |    22 ||    39
       Constrict         |     5 |     6 ||    11
       Tentacles         |     3 |     3 ||     6
 Cast: Magic Dart        |    53 |    17 ||    70
       Searing Ray       |     2 |    13 ||    15
 Stab: Sleeping          |       |     1 ||     1
  Eat: Chunk             |     2 |     4 ||     6
Armor: Skin              |     3 |     1 ||     4
Dodge: Dodged            |    12 |    19 ||    31

Table legend:
 A = Non-vault XP
 B = Vault XP
 C = Vault XP percentage of total XP
 D = Non-vault monster count
 E = Vault monster count
 F = Vault count percentage of total count
                 A         B        C        D         E       F
            +---------+---------+-------+---------+---------+-------
      Total |     198 |      10 |   4.8 |      51 |       4 |   7.3
            +---------+---------+-------+---------+---------+-------
        D:1 |      49 |       0 |   0.0 |      22 |       0 |   0.0
        D:2 |      82 |      10 |  10.9 |      19 |       4 |  17.4
        D:3 |      67 |       0 |   0.0 |      10 |       0 |   0.0
            +---------+---------+-------+---------+---------+-------
